 Dungeon Crawl Stone Soup version 0.30-a0-125-g51eefa89be (webtiles) character file.

Game seed: 3652287631753594470

1325419 Xenophilius the Slayer (level 27, 226/226 HPs)
             Began as a Palentonga Cinder Acolyte on Sept 18, 2022.
             Was a High Priest of Okawaru.
             Escaped with the Orb
             ... and 3 runes on Sept 19, 2022!
             The game lasted 09:47:09 (139288 turns).

Xenophilius the Slayer (PaCA)                     Turns: 139288, Time: 09:47:10

Health: 226/226    AC: 29    Str: 27 (29) XL:     27
Magic:  42/42      EV: 17    Int: 25 (27) God:    Okawaru [*****.]
Gold:   3517       SH: 28    Dex: 14      Spells: 9/56 levels left

rFire   + + +      SeeInvis +    a - +8 eveningstar (flame)
rCold   . . .      Faith    .    U - +6 tower shield "Barumion" {rN+ Str+4 Dex-3}
rNeg    + . .      Spirit   +    K - quicksilver dragon scales
rPois   +          Reflect  .    i - +0 helmet of Ulerphibe {rPois rF++ Int-2 Dex+4}
rElec   +          Harm     .    M - scarf {rC+ rF+}
rCorr   .          Rampage  .    d - +2 pair of gloves of Analysis {Dex+8}
Will    ++++.                    Y - +1 barding "Dailai" {rElec Will+ Str+3 Int+4}
Stlth   +.........               g - amulet of guardian spirit
HPRegen 0.47/turn                C - +4 ring of evasion {=R}
MPRegen 0.28/turn                G - +4 ring of evasion

@: studying 3 skills
A: large, rugged brown scales 3, see invisible, deformed body, roll 2, armoured
tail, reflexive curl, hooves 1, clumsy 1, deterioration 1, frail 1, screaming 1,
cold vulnerability 1
0: Orb of Zot
}: 3/15 runes: decaying, slimy, gossamer
a: Rolling Charge, Renounce Religion, Heroism, Finesse, Duel


You escaped.
You worshipped Okawaru.
Okawaru was extremely pleased with you.
You visited 12 branches of the dungeon, and saw 55 of its levels.
You also visited: Sewer, Gauntlet, Ice Cave and Desolation.

You collected 7828 gold pieces.
You spent 4311 gold pieces at shops.

Inventory:

Hand Weapons
 a - a +8 eveningstar of flaming (weapon)
Missiles
 E - 5 throwing nets
 W - 7 curare-tipped darts (quivered)
Armour
 d - the +2 pair of gloves of Analysis (worn) {Dex+8}
   (Okawaru gifted it to you on level 11 of the Dungeon)

   Dex:       It affects your dexterity (+8).
 i - the +0 helmet of Ulerphibe (worn) {rPois rF++ Int-2 Dex+4}
   (You found it on level 3 of the Crypt)

   Int:       It affects your intelligence (-2).
   Dex:       It affects your dexterity (+4).
   rF:        It greatly protects you from fire.
   rPois:     It protects you from poison.
 K - quicksilver dragon scales (worn)
 M - a scarf of resistance (worn)
 U - the +6 tower shield "Barumion" (worn) {rN+ Str+4 Dex-3}
   (Okawaru gifted it to you on level 3 of the Swamp)

   Str:       It affects your strength (+4).
   Dex:       It affects your dexterity (-3).
   rN:        It protects you from negative energy.
 Y - the +1 barding "Dailai" (worn) {rElec Will+ Str+3 Int+4}
   (Okawaru gifted it to you on level 3 of the Vaults)

   Str:       It affects your strength (+3).
   Int:       It affects your intelligence (+4).
   rElec:     It insulates you from electricity.
   Will:      It increases your willpower.
Magical Staves
 b - a staff of earth
 c - a staff of death
Jewellery
 g - an amulet of guardian spirit (around neck)
 l - the ring "Fiseat" {Wiz rElec Will+}
   (You found it on level 2 of the Realm of Zot)

   [ring of wizardry]

   It improves your spell success rate.
   rElec:     It insulates you from electricity.
   Will:      It increases your willpower.
 s - the ring "Exis Yxkeq" {rCorr AC+4}
   (You took it off a ragged hierophant in the Desolation of Salt)

   [ring of protection]

   AC:        It affects your AC (+4).
   rCorr:     It protects you from acid and corrosion.
 B - the ring of Faeshaemn {Wiz +Blink rF+ Str+3}
   (You found it on level 4 of the Depths)

   [ring of wizardry]

   It improves your spell success rate.
   Str:       It affects your strength (+3).
   rF:        It protects you from fire.
   +Blink:    It lets you blink.
 C - a +4 ring of evasion (left hand) {=R}
 G - a +4 ring of evasion (right hand)
Wands
 o - a wand of quicksilver (5)
 y - a wand of roots (61)
 z - a wand of digging (25)
 D - a wand of paralysis (35)
 N - a wand of mindburst (8)
 R - a wand of polymorph (41)
Scrolls
 e - 13 scrolls of teleportation
 h - 14 scrolls of immolation
 m - 7 scrolls of fog
 n - 10 scrolls of blinking
 t - 2 scrolls of magic mapping
 u - 6 scrolls of poison
 w - a scroll of acquirement
 J - 8 scrolls of silence
 P - 5 scrolls of vulnerability
 S - 10 scrolls of fear
 T - 2 scrolls of torment
Potions
 f - a potion of brilliance
 j - 25 potions of curing
 p - 6 potions of might
 q - 5 potions of flight
 r - 4 potions of magic
 x - 5 potions of resistance
 F - 12 potions of heal wounds
 H - 5 potions of lignification
 I - 3 potions of cancellation
 L - 9 potions of haste
 O - a potion of invisibility
 Q - 7 potions of berserk rage
 V - 2 potions of mutation
 Z - 5 potions of ambrosia
Miscellaneous
 k - a condenser vane
 v - a lightning rod (4/4)
 A - a tin of tremorstones (2/2)
 X - a phial of floods


   Skills:
 + Level 22.8 Fighting
 - Level 16.0 Maces & Flails
 + Level 18.8 Armour
 - Level 7.0 Dodging
 + Level 20.8 Shields
 - Level 15.0 Spellcasting
 - Level 8.0 Hexes
 - Level 11.0 Necromancy
 - Level 14.0 Translocations
 - Level 2.0 Transmutations
 - Level 2.4 Fire Magic
 - Level 11.0 Earth Magic
 - Level 16.0 Invocations
 - Level 8.0 Evocations


You had 9 spell levels left.
You knew the following spells:

 Your Spells              Type           Power      Damage    Failure   Level
a - Dispersal             Tloc           36%        N/A       3%          6
d - Dispel Undead         Necr           65%        3d22      1%          4
g - Passage of Golubria   Tloc           73%        N/A       1%          4
l - Lee's Rapid Deconstr  Erth           32%        3d18*     1%          5
t - Vampiric Draining     Necr           65%        2d10      1%          3
v - Borgnjor's Vile Clut  Necr/Erth      32%        N/A       1%          5
w - Passwall              Tmut/Erth      41%        N/A       1%          2
y - Agony                 Necr           65%        N/A       1%          5
B - Blink                 Tloc           100%       N/A       1%          2
F - Cause Fear            Hex            28%        N/A       2%          4
M - Manifold Assault      Tloc           73%        N/A       1%          4
T - Confusing Touch       Hex            56%        N/A       1%          3

Your spell library contained the following spells:

 Spells                   Type           Power      Damage    Failure   Level
 Necrotise                Necr           100%       1d9       1%          1
 Sandblast                Erth           100%       2d20      1%          1
 Ensorcelled Hibernation  Hex/Ice        76%        N/A       1%          2
 Gell's Gravitas          Tloc           73%        N/A       1%          3
 Kindle Blastsparks       Fire/Tloc/Air  92%        2d17      1%          3
 Lesser Beckoning         Tloc           73%        N/A       1%          3
 Portal Projectile        Hex/Tloc       100%       N/A       1%          3
 Stone Arrow              Conj/Erth      92%        3d12      1%          3
 Teleport Other           Tloc           73%        N/A       1%          3
 Anguish                  Hex/Necr       30%        N/A       1%          4
 Leda's Liquefaction      Hex/Erth       30%        N/A       1%          4
 Cigotuvi's Dreadful Rot  Necr/Pois/Air  74%        N/A       2%          2
 Inner Flame              Hex/Fire       44%        N/A       2%          3
 Foxfire                  Conj/Fire      96%        2x1d8     3%          1
 Scorch                   Fire           60%        2d8       3%          2
 Iskenderun's Mystic Bla  Conj/Tloc      52%        2d11      3%          4
 Sting                    Tmut/Pois      92%        1d7       4%          1
 Poisonous Vapours        Pois/Air       36%        N/A       10%         2
 Searing Ray              Conj           36%        2d5       10%         2
 Static Discharge         Conj/Air       36%        2-4/arc   10%         2
 Ignite Poison            Fire/Tmut/Pois 26%        N/A       11%         3
 Spider Form              Tmut/Pois      23%        N/A       12%         3
 Fulminant Prism          Conj/Hex       19%        3d11      12%         4
 Frozen Ramparts          Ice            36%        1d6       19%         3
 Swiftness                Air            18%        N/A       19%         3
 Yara's Violent Unravell  Hex/Tmut       21%        3d10      22%         5
 Silence                  Hex/Air        19%        N/A       32%         5
 Flame Wave               Conj/Fire      24%        2d8       36%         4
 Sticky Flame             Conj/Fire      24%        2d5       36%         4
 Ice Form                 Ice/Tmut       23%        N/A       38%         4
 Hailstorm                Conj/Ice       18%        3d6       52%         4
 Olgreb's Toxic Radiance  Pois           18%        N/A       52%         4
 Statue Form              Tmut/Erth      33%        N/A       54%         6
 Blade Hands              Tmut           14%        N/A       58%         5
 Iron Shot                Conj/Erth      23%        9d5       69%         6
 Fireball                 Conj/Fire      12%        3d7       71%         5
 Arcjolt                  Conj/Air       9%         1d19      86%         5
 Freezing Cloud           Conj/Ice/Air   9%         6-21      86%         5
 Iskenderun's Battlesphe  Conj           18%        2d7       86%         5
 Lightning Bolt           Conj/Air       9%         1d21      86%         5
 Enfeeble                 Hex            28%        N/A       89%         7
 Conjure Ball Lightning   Conj/Air       9%         3x3d6     100%        6
 Orb of Destruction       Conj           9%         9d6       100%        7
 Ozocubu's Refrigeration  Ice            9%         4d9       100%        7
 Storm Form               Tmut/Air       11%        N/A       100%        7
 Discord                  Hex            28%        N/A       100%        8
 Ignition                 Fire           15%        3d6       100%        8
 Lehudib's Crystal Spear  Conj/Erth      23%        10d6      100%        8
 Maxwell's Capacitive Co  Air            9%         ∞         100%        8
 Necromutation            Tmut/Necr      25%        N/A       100%        8
 Chain Lightning          Conj/Air       9%         3d12      100%        9
 Fire Storm               Conj/Fire      12%        8d3       100%        9
 Polar Vortex             Ice            9%         N/A       100%        9
 Shatter                  Erth           32%        3d26*     100%        9
 Tukima's Dance           Hex            Unusable   N/A       N/A         3
 Animate Dead             Necr           Unusable   N/A       N/A         4
 Summon Guardian Golem    Hex/Summ       Unusable   N/A       N/A         3
 Summon Small Mammal      Summ           Unusable   N/A       N/A         1
 Animate Armour           Summ/Erth      Unusable   N/A       N/A         4
 Death Channel            Necr           Unusable   N/A       N/A         6
 Call Canine Familiar     Summ           Unusable   N/A       N/A         3
 Summon Ice Beast         Ice/Summ       Unusable   N/A       N/A         4
 Summon Lightning Spire   Summ/Air       Unusable   N/A       N/A         4
 Simulacrum               Ice/Necr       Unusable   N/A       N/A         6
 Spellforged Servitor     Conj/Summ      Unusable   N/A       N/A         7

Dungeon Overview and Level Annotations

Branches:
Dungeon (15/15)            Temple (1/1) D:6            Lair (5/5) D:9
  Swamp (4/4) Lair:2       Spider (4/4) Lair:2        Slime (5/5) Lair:4
    Orc (2/2) D:10            Elf (3/3) Orc:2        Vaults (4/5) D:13
  Crypt (3/3) Vaults:2       Tomb (0/3) Crypt:3      Depths (4/4) D:15
    Zot (5/5) Depths:4      Sewer (visited)           IceCv (visited)
Desolation (visited)      Gauntlet (visited)

Altars:
Ashenzari
Cheibriados
Dithmenos
Elyvilon
Fedhas
Gozag
Hepliaklqana
Kikubaaqudgha
Makhleb
Nemelex Xobeh
Okawaru
Qazlal
Ru
Sif Muna
Trog
Uskayaw
Vehumet
Wu Jian
Xom
Yredelemnul
Zin
The Shining One
Jiyva

Shops:
D:15 (   Orc:1 **   Orc:2 (!=?   Elf:1 [?[:   Elf:2 *   Vaults:1 *

Portals:
Hell: Depths:1 Depths:2 Depths:3 Depths:4
Abyss: Depths:1 Depths:2 Depths:3
Pandemonium: Depths:2
Ziggurat: Depths:1


Innate Abilities, Weirdness & Mutations

You are completely covered in rugged brown scales. (AC +3, +7% HP)
You have supernaturally acute eyesight. (SInv)
Armour fits poorly on your strangely shaped body.
You can roll at foes to attack.
You have a long armoured tail.
You curl defensively after being hit. (AC +7*)
You have large cloven feet.
You are clumsy. (Dex -2)
Your body sometimes deteriorates upon taking damage.
You are frail. (-10% HP)
You occasionally shout uncontrollably at your foes.
You are vulnerable to cold. (rC-)


Message History

You roll forward with a clatter of scales!
You perforate the rust devil like a sieve!!!!
You kill the rust devil!
Okawaru accepts your kill.
Unknown command.
(D) Dungeon (T) Temple (L) Lair (S) Swamp (N) Spider Nest (M) Slime Pits (O) Orcish Mines (E) Elven Halls (V) Vaults (C) Crypt (W) Tomb (U) Depths (H) Hell (Z) Zot
Where to? (Enter - D:1 @ (x,y), ? - help)
You see here a +0 robe.
There is a stone staircase leading up here.
You climb upwards.
There is a stone staircase leading down here.
Magic restored.
There is a stone staircase leading up here.
You climb upwards.
There is a stone staircase leading down here.
There is a stone staircase leading up here.
You climb upwards.
There is a stone staircase leading down here.
You see here a +0 dagger.
There is a stone staircase leading up here.
You climb upwards. 2 hell hounds come into view.
There is a stone staircase leading down here.
The hell hound moves out of view.
There is an escape hatch in the ceiling here.
The hell hound breathes flames at you.
The blast of flame hits you but does no damage.
A mysterious force pulls you upwards. The hatch slams shut behind you.
(D) Dungeon (T) Temple (L) Lair (S) Swamp (N) Spider Nest (M) Slime Pits (O) Orcish Mines (E) Elven Halls (V) Vaults (C) Crypt (W) Tomb (U) Depths (H) Hell (Z) Zot
Where to? (Enter - D:1 @ (x,y), ? - help)
There is an escape hatch in the floor here.
There is an open door here.
There is a staircase leading out of the dungeon here.
You have escaped!

......#..........# ##..####
.#............##.#########..### #
...............#'#............# #
............####.####.........# #
#>.........##..#.#..##........# #
...........#.#.#.#.#.#........###
.#.........#..#...#..#........#..
##^.......####.....####..........
##........'.....@.....'..........
..........####.....####...#####..
...........#..#...#..#....# #..
...........#.#.#.#.#.#.##.# #..
...........##..#.#..##.##.# ##.
............####.#####.#..#### #.
.........#).####+# #.......###.
.................#######)###...).
..........#...##....[............


There were no monsters in sight!

Vanquished Creatures
  the Royal Jelly (Slime:5)
  A dread lich (Zot:5)
  Khufu (Arena)
  2 ancient liches
  Mara (Swamp:3)
  11 orbs of fire
  A juggernaut (Depths:3)
  The ghost of Nofozin the Slayer, a veteran FoFi of Vehumet (Crypt:2)
  2 royal mummies
  Sojobo (Depths:2)
  the Lernaean hydra (Swamp:4)
  3 Killer Klowns
  Saint Roka (Depths:4)
  A curse toe (Zot:5)
  3 caustic shrikes
  8 golden dragons
  A profane servitor (Crypt:3)
  the Enchantress (Depths:3)
  Arachne (Spider:4)
  4 electric golems
  A Tzitzimitl (Depths:4)
  Zenata (Elf:2)
  2 Ice Fiends (IceCv)
  Mlioglotl (Swamp:2)
  17 tentacled monstrosities
  Jorgrun (Orc:2)
  3 walking crystal tomes
  5 liches
  27 Orb Guardians
  2 walking divine tomes (Depths:3)
  Asterion (Depths:2)
  4 deep elf blademasters
  2 walking frostbound tomes (Depths:4)
  A walking earthen tome (Depths:4)
  The ghost of btonasse the Bewitcher, an adept SpEn of Dithmenos (Elf:3)
  9 quicksilver dragons
  A titan (Vaults:3)
  26 acid blobs
  4 sphinxes
  2 deep elf master archers (Elf:3)
  Frances (Elf:1)
  9 death cobs
  8 shadow dragons
  9 ancient champions
  2 thorn hunters (Swamp:3)
  4 tengu reavers
  Agnes (Elf:2)
  13 azure jellies
  Roxanne (Elf:1)
  Donald (Swamp:2)
  8 storm dragons
  2 fenstrider witches
  5 draconian monks
  A revenant (Crypt:3)
  6 draconian knights
  7 rockslimes
  5 fire giants
  3 emperor scorpions
  4 frost giants
  7 vault wardens
  An imperial myrmidon (Desolation)
  12 ghost moths
  2 iron dragons
  8 deep elf sorcerers
  Aizul (Elf:1)
  6 draconian scorchers
  A cacodemon (Depths:2)
  3 curse skulls
  9 draconian shifters
  Louise (Spider:1)
  10 ghouls
  2 orc warlords
  The ghost of sastreii the Prestidigitator, a journeyman GnAr of Sif Muna (Lair:5)
  3 broodmothers (Spider:2)
  5 very ugly things
  4 draconian annihilators
  6 draconian stormcallers
  12 ironbound thunderhulks
  2 angels (Depths:1)
  15 ironbound preservers
  4 deep elf elementalists (Elf:3)
  3 war gargoyles
  6 quicksilver oozes
  11 stone giants
  5 spriggan defenders
  15 vampire knights
  The ghost of Peppero the Warrior, a journeyman DjCj of Ashenzari (D:11)
  6 deep elf demonologists (Elf:3)
  3 eleionomae
  12 black draconians
  9 entropy weavers
  13 purple draconians
  6 bunyips
  16 green draconians
  A minotaur (Gauntlet)
  10 red draconians
  6 dire elephants
  Azrael (Elf:1)
  11 yellow draconians
  5 deep elf annihilators
  7 eidola
  2 halazid warlocks (Desolation)
  3 spark wasps (Spider:2)
  13 white draconians
  7 deep elf death magi
  8 ettins
  15 jiangshi
  3 crystal guardians (Desolation)
  9 fire dragons
  12 ragged hierophants (Desolation)
  Fannar (Lair:1)
  A shambling mangrove (Swamp:4)
  11 yaktaur captains
  4 deep elf high priests (Elf:3)
  7 great orbs of eyes
  5 servants of whispers (Desolation)
  13 vault guards
  6 ice dragons
  9 peacekeepers
  2 spriggan zombies
  16 hydras
  A spriggan air mage (Depths:4)
  3 rakshasas
  A fenstrider witch zombie (Crypt:2)
  The ghost of Plog the Ducker, a journeyman GnWn of Jiyva (D:12)
  A catoblepas (Lair:5)
  20 centaur warriors
  6 jorogumos
  4 ogre magi (Orc:2)
  2 death knights (Crypt:1)
  13 boulder beetles
  A hell beast (Zot:1)
  2 radroaches (Spider:1)
  14 alligators
  25 dancing weapons
  4 spriggan skeletons
  9 ironbound frosthearts
  18 two-headed ogres
  10 deep troll shamans
  7 tengu warriors
  2 orc high priests (Elf:1)
  19 death yaks
  8 deep troll earth magi
  7 spriggan berserkers
  13 vampire magi
  23 deep elf knights
  Amaemon (D:8)
  11 iron trolls
  2 shadow wraiths
  5 hell knights (Depths:4)
  A soul eater (Crypt:1)
  6 pharaoh ants
  5 goliath frogs
  A golden dragon zombie (Depths:3)
  An iron giant zombie (Crypt:3)
  2 shadow demons
  23 skeletal warriors
  An anaconda zombie (Crypt:2)
  5 glowing orange brains
  52 deep trolls
  6 spriggan simulacra
  7 flayed ghosts
  A deep troll (shapeshifter) (Depths:3)
  A storm dragon skeleton (Depths:3)
  12 orb spiders
  6 steelbarb worms
  9 wizards
  3 spriggan druids (Swamp:3)
  An obsidian statue (IceCv)
  11 swamp dragons
  2 bunyip skeletons (Crypt:2)
  12 bog bodies
  18 deep elf archers
  A fenstrider witch simulacrum (Crypt:3)
  3 lindwurms (Vaults:3)
  An anaconda skeleton (Crypt:2)
  25 deep elf pyromancers
  6 phantasmal warriors
  3 orc knights
  26 deep elf zephyrmancers
  2 harpies
  The ghost of pretsel the Cudgeller, a novice MeDe of Hepliaklqana (D:7)
  19 ironbound convokers
  5 shining eyes
  An iron giant skeleton (Crypt:2)
  13 cyclopes
  2 shining eyes (shapeshifter)
  10 necromancers
  A stone giant zombie (Crypt:3)
  27 wolf spiders
  6 orc sorcerers
  8 will-o-the-wisps
  A salamander (D:15)
  2 manticores
  14 elephants
  34 moths of wrath
  14 vault sentinels
  28 ugly things
  A fire giant skeleton (Depths:2)
  3 eyes of devastation (Slime:5)
  A cane toad (shapeshifter) (Elf:3)
  A human skeleton (Crypt:1)
  9 torpor snails
  Maggie (D:7)
  Maurice (D:8)
  6 guardian serpents
  5 black mambas
  A titan simulacrum (Crypt:3)
  A black mamba (shapeshifter) (Depths:3)
  2 rust devils
  3 orange demons
  4 unseen horrors
  A hellion (Gauntlet)
  A steelbarb worm zombie (Crypt:1)
  A centaur skeleton (Crypt:2)
  9 demonic crawlers
  13 cane toads
  5 rime drakes
  15 yaktaurs
  A dire elephant skeleton (Crypt:3)
  An elephant slug zombie (Crypt:3)
  A sea snake zombie (Crypt:2)
  7 komodo dragons
  6 kobold demonologists
  2 efreet
  2 tengu conjurers
  2 anaconda simulacra
  An alligator snapping turtle skeleton (Crypt:3)
  A catoblepas skeleton (Crypt:3)
  13 freezing wraiths
  A guardian mummy (Crypt:3)
  An ice devil (Depths:2)
  2 polar bears (Lair:5)
  2 iron troll skeletons
  6 meliai
  3 harpy zombies
  A merfolk (shapeshifter) (Depths:4)
  14 hornets
  9 trolls
  A meliai (shapeshifter) (Vaults:1)
  9 tyrant leeches
  29 tarantellas
  An iron dragon simulacrum (Depths:2)
  52 saltlings (Desolation)
  17 blink frogs
  6 dream sheep (Lair:3)
  A dream sheep (shapeshifter) (Depths:2)
  155 slime creatures
  Sigmund (D:2)
  An ice dragon zombie (Crypt:2)
  24 jumping spiders
  24 culicivoras
  A centaur simulacrum (D:15)
  7 air elementals
  8 wyverns
  8 vampires
  8 water elementals
  15 wraiths
  41 yaks
  2 yaks (shapeshifter) (D:15)
  A spriggan (shapeshifter) (D:13)
  15 spriggans
  2 dire elephant simulacra
  A human (D:12)
  12 basilisks
  Eustachio (D:3)
  7 golden eyes
  6 hogs (D:12)
  4 minotaur simulacra (IceCv)
  2 black mamba skeletons
  A chaos spawn (Depths:1)
  25 fire elementals
  47 redbacks
  A swamp worm (shapeshifter) (Depths:3)
  14 vampire mosquitoes
  Edmund (D:6)
  14 swamp worms
  An acid dragon (D:14)
  13 water moccasins
  7 hell hounds
  3 wargs
  2 floating eyes
  2 floating eyes (shapeshifter)
  A hydra simulacrum (IceCv)
  Duvessa (D:5)
  4 large abominations (Depths:1)
  A hornet zombie (Crypt:1)
  A glowing shapeshifter skeleton (Depths:2)
  9 swamp drakes
  2 ice beasts
  5 black bears
  A blink frog zombie (Crypt:1)
  An alligator simulacrum (IceCv)
  A fire dragon simulacrum (Crypt:1)
  27 orc warriors
  A swamp dragon zombie (Crypt:3)
  5 boggarts (Vaults:1)
  22 wolves
  35 ogres
  A swamp dragon skeleton (Crypt:1)
  8 small abominations (Depths:1)
  9 centaurs
  An elephant skeleton (Crypt:2)
  7 kobold brigands
  2 phantoms
  11 bullfrogs
  6 necrophages
  2 gnoll sergeants
  4 deep troll simulacra (IceCv)
  3 earth elementals
  4 scorpions
  A glowing shapeshifter simulacrum (Depths:3)
  Dowan (D:5)
  5 wights
  A lindwurm simulacrum (IceCv)
  A polar bear zombie (Crypt:3)
  A queen bee zombie (Crypt:3)
  The ghost of QuickerDeath the Grave Robber, a weakling HuNe (D:3)
  A raiju skeleton (Crypt:1)
  10 howler monkeys
  A wolf zombie (Crypt:3)
  6 jellies
  A lava snake (D:9)
  4 hounds
  A bullfrog zombie (Crypt:2)
  16 orc priests
  A gnoll bouda (D:7)
  Jessica (D:2)
  5 hell rats (D:14)
  Natasha (thrice) (D:3)
  3 iguanas
  26 orc wizards
  A polar bear simulacrum (D:11)
  4 yak simulacra (D:11)
  5 wolf simulacra (D:11)
  A boggart simulacrum (D:11)
  14 mummies
  6 adders
  21 gnolls
  2 shadow imps
  2 white imps
  2 ufetubi
  An adder skeleton (Crypt:1)
  A lava snake skeleton (Crypt:1)
  6 worms
  A dart slug (D:2)
  64 orcs
  12 ball pythons
  7 endoplasms
  15 giant cockroaches
  8 goblins
  3 hobgoblins
  2 jackals (D:4)
  7 quokkas
  5 bats
  5 frilled lizards
  30 kobolds
  A quokka skeleton (Crypt:2)
  4 rats
  A river rat simulacrum (D:11)
2577 creatures vanquished.

Vanquished Creatures (collateral kills)
  Crazy Yiuf (D:7)
1 creature vanquished.

Vanquished Creatures (others)
  Kirke (D:12)
  3 deep elf knights
  2 dancing weapons
  3 bloated husks
  A spriggan (Swamp:4)
  A swamp worm (Swamp:4)
  A swamp drake (Swamp:4)
  An orc (Depths:4)
  A briar patch (Swamp:3)
  74 foxfires
  51 fungi
  59 plants
  2 withered plants (Crypt:2)
200 creatures vanquished.

Grand Total: 2778 creatures vanquished

Notes
Turn   | Place    | Note
-------+----------+-------------------------------------------
     0 | D:1      | Xenophilius the Palentonga Cinder Acolyte began the quest
                  | for the Orb.
     0 | D:1      | Reached XP level 1. HP: 19/19 MP: 2/2
   332 | D:1      | Reached XP level 2. HP: 25/25 MP: 3/3
   958 | D:2      | Reached XP level 3. HP: 31/31 MP: 4/4
  1102 | D:2      | Noticed Sigmund
  1170 | D:2      | Noticed Jessica
  1186 | D:2      | Killed Jessica
  1516 | D:2      | Reached XP level 4. HP: 28/37 MP: 3/5
  1734 | D:2      | Reached skill level 5 in Maces & Flails
  2371 | D:3      | Found a faded altar of an unknown god.
  2642 | D:3      | Found a runed translucent gate.
  2643 | D:3      | Found a runed translucent gate.
  2643 | D:3      | Noticed QuickerDeath's ghost (weakling HuNe)
  2644 | D:3      | Found a runed translucent gate.
  2644 | D:3      | Noticed an ogre
  2788 | D:3      | You fall into a shaft and drop 3 floors!
  2788 | D:6      | Found a staircase to the Ecumenical Temple.
  2791 | D:6      | Noticed a scorpion
  2798 | D:6      | Killed a scorpion
  2799 | D:6      | Reached XP level 5. HP: 43/43 MP: 6/6
  2818 | D:6      | Noticed an ice beast
  2882 | D:6      | Killed an ice beast
  2883 | D:6      | Reached skill level 1 in Armour
  3256 | D:6      | Identified the ring "Pipesaej" {Ice Dex+5}
  3281 | D:6      | Reached XP level 6. HP: 37/50 MP: 5/7
  3420 | D:5      | Entered Level 5 of the Dungeon
  3863 | D:5      | Found a shadowy altar of Dithmenos.
  3876 | D:5      | Noticed a water moccasin
  3885 | D:5      | Killed a water moccasin
  3917 | D:5      | Learned a level 2 spell: Passwall
  3981 | D:6      | Gained mutation: You curl defensively after being hit. (AC
                  | +7*) [Palentonga growth]
  3981 | D:6      | Reached XP level 7. HP: 50/55 MP: 8/8
  4083 | D:5      | Noticed Duvessa
  4083 | D:5      | Noticed Dowan
  4285 | D:6      | Reached skill level 1 in Transmutations
  4285 | D:6      | Reached skill level 1 in Earth Magic
  4665 | D:4      | Found a glowing drain.
  4705 | Sewer    | Entered a sewer
  5350 | Sewer    | Reached XP level 8. HP: 50/62 MP: 7/9
  6425 | D:4      | Found a bloodstained altar of Trog.
  6575 | D:4      | Noticed Eustachio
  6642 | D:4      | Noticed Natasha
  6710 | D:3      | Killed Natasha
  6742 | D:3      | Noticed Natasha
  6747 | D:3      | Killed Natasha
  6761 | D:3      | Found a faded altar of an unknown god.
  6777 | D:3      | Noticed Natasha
  6780 | D:3      | Killed Natasha
  7039 | D:4      | Reached skill level 10 in Maces & Flails
  7334 | D:3      | Killed Eustachio
  7335 | D:3      | Reached skill level 4 in Fighting
  8038 | D:5      | Reached XP level 9. HP: 63/69 MP: 8/10
  8303 | D:5      | Learned a level 5 spell: Borgnjor's Vile Clutch
  8405 | D:5      | Killed Dowan
  8531 | D:6      | Identified the +1 leather armour "Funlosh" {Dex+4}
  8569 | D:6      | Noticed Edmund
  8582 | D:6      | Killed Edmund
  9004 | D:6      | Learned a level 3 spell: Tukima's Dance
  9308 | D:7      | Reached skill level 1 in Hexes
  9649 | D:7      | Found a transporter.
  9654 | D:7      | Found a transporter.
  9657 | D:7      | Noticed pretsel's ghost (novice MeDe)
  9658 | D:7      | Noticed a moth of wrath
 10375 | D:7      | Noticed Maggie
 10665 | D:7      | Found an iron altar of Okawaru.
 10734 | D:7      | Found a runed translucent door.
 10735 | D:7      | Noticed Crazy Yiuf
 10748 | D:7      | Killed Crazy Yiuf
 11166 | D:8      | Noticed Maurice
 11188 | D:8      | Killed Maurice
 11189 | D:8      | Reached skill level 5 in Hexes
 11257 | D:8      | Noticed an orange demon
 11774 | D:8      | Noticed a boulder beetle
 11952 | D:8      | Reached skill level 1 in Necromancy
 12114 | D:8      | Noticed Amaemon
 12437 | D:8      | Killed Amaemon
 12438 | D:8      | Reached XP level 10. HP: 35/75 MP: 6/15
 12805 | D:8      | Killed an orange demon
 13338 | D:2      | Killed Sigmund
 13417 | D:3      | Killed QuickerDeath's ghost
 14105 | D:9      | Paralysed by a hornet for 1 turns
 14210 | D:9      | Noticed a death yak
 14219 | D:9      | Reached skill level 5 in Earth Magic
 14480 | D:9      | Noticed a death yak
 14689 | D:9      | Found a staircase to the Lair.
 14778 | D:9      | Reached skill level 5 in Necromancy
 15139 | D:10     | Entered Level 10 of the Dungeon
 15792 | D:9      | Reached XP level 11. HP: 63/82 MP: 12/17
 16188 | D:10     | Found a staircase to the Orcish Mines.
 17107 | D:11     | Noticed a two-headed ogre
 17132 | D:11     | Noticed a purple ugly thing
 17226 | D:11     | Found a runed translucent door.
 17231 | D:11     | Noticed a stone giant
 17232 | D:11     | Noticed a lich
 17232 | D:11     | Noticed a deep elf knight
 17234 | D:11     | Noticed a skeletal warrior
 17235 | D:11     | Noticed a necromancer
 17235 | D:11     | Noticed Peppero's ghost (journeyman DjCj)
 17238 | D:11     | Found a runed translucent door.
 17488 | D:11     | Reached skill level 5 in Spellcasting
 17510 | D:11     | Noticed a wolf spider
 17571 | D:11     | Noticed a necromancer
 17698 | D:11     | Killed a purple ugly thing
 18444 | D:11     | Found a runed translucent door.
 18843 | D:11     | Killed a two-headed ogre
 18958 | D:11     | Killed a wolf spider
 19868 | D:5      | Found a shadowy altar of Dithmenos.
 20110 | D:5      | Killed Duvessa
 20419 | Lair:1   | Entered Level 1 of the Lair of Beasts
 21038 | Lair:1   | Noticed Fannar
 21074 | Lair:1   | Killed Fannar
 21075 | Lair:1   | Reached XP level 12. HP: 83/88 MP: 8/21
 21400 | Lair:1   | Noticed a boulder beetle
 21411 | Lair:1   | Killed a boulder beetle
 21964 | Lair:2   | Noticed a six-headed hydra
 22125 | Lair:2   | Identified the +7 shortbow of the Spider Nest {vorpal, rN+
                  | Will+ Str+4}
 22263 | Lair:2   | Reached skill level 10 in Necromancy
 22530 | Lair:2   | Found a hole to the Spider Nest.
 22848 | Lair:2   | Found a staircase to the Swamp.
 22911 | Lair:2   | You fall into a shaft and drop 2 floors!
 23602 | Lair:3   | Reached skill level 5 in Fighting
 23712 | Lair:3   | Noticed a boulder beetle
 23881 | Lair:3   | Killed a boulder beetle
 23882 | Lair:3   | Reached skill level 6 in Fighting
 24267 | Lair:2   | Reached skill level 7 in Fighting
 24812 | Lair:3   | Reached skill level 8 in Fighting
 25028 | Lair:3   | Reached skill level 1 in Evocations
 25207 | Lair:3   | Noticed a death yak
 25229 | Lair:3   | Killed a death yak
 25293 | Lair:3   | Noticed a death yak
 25314 | Lair:3   | Killed a death yak
 25446 | Lair:3   | Noticed a death yak
 25573 | Lair:3   | Noticed a death yak
 25663 | Lair:3   | Killed a death yak
 25664 | Lair:3   | Reached XP level 13. HP: 86/104 MP: 15/23
 26295 | Lair:3   | Reached skill level 5 in Evocations
 27650 | Lair:4   | Reached skill level 9 in Fighting
 28161 | Lair:4   | Found a viscous altar of Jiyva.
 28161 | Lair:4   | Found a staircase to the Slime Pits.
 28571 | Lair:4   | Noticed a quicksilver ooze
 28579 | Lair:4   | Killed a quicksilver ooze
 28580 | Lair:4   | Reached skill level 10 in Fighting
 28718 | Lair:4   | Learned a level 4 spell: Passage of Golubria
 28861 | Lair:4   | Reached skill level 1 in Translocations
 29289 | Lair:5   | Entered Level 5 of the Lair of Beasts
 29389 | Lair:5   | Reached skill level 1 in Shields
 30599 | Lair:5   | Found a transporter.
 30647 | Lair:5   | Found a bloodstained altar of Trog.
 30828 | Lair:5   | Noticed sastreii's ghost (journeyman GnAr)
 31467 | Lair:5   | Reached skill level 5 in Translocations
 31622 | Lair:5   | Found a transporter.
 31930 | Lair:5   | Reached XP level 14. HP: 117/117 MP: 18/24
 32268 | Lair:5   | Reached skill level 5 in Shields
 33135 | Lair:5   | Identified the ring "Duariq" {Fire Will+ rCorr}
 33351 | Temple   | Entered the Ecumenical Temple
 33581 | D:7      | Fell from the grace of Ignis
 33581 | D:7      | Became a worshipper of Warmaster Okawaru
 33670 | Orc:1    | Entered Level 1 of the Orcish Mines
 33919 | Orc:1    | Found Hemaog's General Store.
 33919 | Orc:1    | Found Loblarye's Specific Store.
 33962 | Orc:2    | Entered Level 2 of the Orcish Mines
 33981 | Orc:2    | Found a gate leading to a gauntlet.
 33985 | Orc:2    | Noticed Jorgrun
 34060 | Orc:2    | Killed Jorgrun
 34061 | Orc:2    | Reached skill level 11 in Fighting
 34069 | Gauntlet | Entered a Gauntlet
 34069 | Gauntlet | Found a transporter.
 34069 | Gauntlet | Found a transporter.
 34077 | Gauntlet | Found a transporter.
 34081 | Gauntlet | Found a transporter.
 34091 | Gauntlet | Found a transporter.
 34095 | Gauntlet | Found a transporter.
 34106 | Gauntlet | Found a transporter.
 34122 | Gauntlet | Found a transporter.
 34136 | Gauntlet | Found a transporter.
 34140 | Gauntlet | Found a transporter.
 34142 | Gauntlet | Found a runed translucent door.
 34144 | Gauntlet | Found a runed translucent door.
 34150 | Gauntlet | Found a transporter.
 34154 | Gauntlet | Found a transporter.
 34369 | Gauntlet | Reached * piety under Okawaru
 34599 | Gauntlet | Identified the +1 pair of boots of Panentheism {-Tele rN++
                  | Str+3}
 34685 | Gauntlet | Reached skill level 1 in Invocations
 34921 | Orc:2    | Found a staircase to the Elven Halls.
 35009 | Orc:1    | You fall into a shaft and drop 1 floor!
 35772 | Orc:1    | Reached ** piety under Okawaru
 35835 | Orc:1    | Noticed an orc warlord
 36030 | Orc:2    | Killed an orc warlord
 36031 | Orc:2    | Reached skill level 12 in Fighting
 36270 | Orc:1    | Paralysed by an orc sorcerer for 2 turns
 36710 | D:8      | Reached skill level 5 in Invocations
 36875 | D:9      | Found a staircase to the Lair.
 37804 | Orc:2    | Reached *** piety under Okawaru
 38931 | Orc:2    | Reached **** piety under Okawaru
 38932 | Orc:2    | Reached XP level 15. HP: 124/130 MP: 18/25
 39320 | Orc:2    | Reached skill level 13 in Fighting
 39396 | Orc:2    | Found Ikoj's Magic Scroll Shoppe.
 39396 | Orc:2    | Found Jugud's Jewellery Shop.
 39403 | Orc:2    | Found Mexzis's Distillery.
 39403 | Orc:2    | Found Bino's Weapon Emporium.
 39634 | Orc:2    | Bought a potion of lignification for 48 gold pieces
 39637 | Orc:2    | Bought a scroll of identify for 30 gold pieces
 39637 | Orc:2    | Bought a scroll of identify for 30 gold pieces
 39637 | Orc:2    | Bought a scroll of identify for 30 gold pieces
 39762 | Orc:2    | Bought a +4 ring of evasion for 540 gold pieces
 40151 | D:7      | Killed Maggie
 40311 | D:7      | Killed pretsel's ghost
 40958 | D:12     | Reached ***** piety under Okawaru
 41088 | D:12     | Identified the ring "Yskax" {rF+ MP-9 Str+6 Int+4}
 41459 | D:12     | Received a gift from Okawaru
 41460 | D:12     | Reached skill level 14 in Fighting
 41554 | D:12     | Noticed Kirke
 41575 | D:12     | Reached skill level 1 in Dodging
 41583 | D:12     | Killed Kirke
 41884 | D:12     | Found a runed translucent gate.
 41884 | D:12     | Found a runed translucent gate.
 41885 | D:12     | Noticed a rockslime
 41885 | D:12     | Noticed an acid blob
 41887 | D:12     | Noticed Plog's ghost (journeyman GnWn)
 41888 | D:12     | Found a runed translucent gate.
 41888 | D:12     | Noticed an acid blob
 41888 | D:12     | Noticed an acid blob
 41888 | D:12     | Noticed an acid blob
 41888 | D:12     | Noticed an azure jelly
 41889 | D:12     | Noticed an azure jelly
 41889 | D:12     | Noticed an azure jelly
 41889 | D:12     | Noticed an azure jelly
 41891 | D:12     | Found a viscous altar of Jiyva.
 41964 | D:13     | You fall into a shaft and drop 1 floor!
 41964 | D:14     | Was forgiven by Ignis
 42091 | D:14     | Identified the +2 ring mail of Gallantry {rC+ Dex+2}
 43188 | D:13     | Reached skill level 5 in Dodging
 43452 | D:13     | Identified the +10 long sword "Fatuk" {venom, Str+4 Dex+4}
                  | (Okawaru gifted it to you on level 13 of the Dungeon)
 43452 | D:13     | Received a gift from Okawaru
 44077 | D:13     | Found a gate to the Vaults.
 44731 | D:14     | Reached skill level 10 in Invocations
 44961 | D:14     | Found an ancient bone altar of Kikubaaqudgha.
 45272 | D:14     | Reached XP level 16. HP: 134/143 MP: 18/26
 45278 | D:14     | Identified the +7 falchion of a Thousand Ships {vamp,
                  | +Blink rCorr Str+3}
 45613 | D:14     | Found the +8 Vampire's Tooth {vamp}
 45926 | D:15     | Entered Level 15 of the Dungeon
 46399 | D:15     | Reached skill level 15 in Fighting
 46522 | D:15     | Found Kutaagiff's Antique Weapon Boutique.
 46532 | D:15     | Bought a brightly glowing flail for 195 gold pieces
 46532 | D:15     | Identified the +4 flail of the Rattlesnake {vorpal, rPois
                  | Dex+3} (You bought it in a shop on level 15 of the Dungeon)
 46929 | D:15     | Found a staircase to the Depths.
 47460 | Spider:1 | Entered Level 1 of the Spider Nest
 49028 | Spider:1 | Noticed Louise
 49043 | Spider:1 | Killed Louise
 49562 | Spider:1 | Received a gift from Okawaru
 50970 | Spider:1 | Gained mutation: You sometimes lose your temper in combat.
                  | [mutagenic glow]
 50989 | Spider:1 | Reached ****** piety under Okawaru
 51426 | Orc:2    | Lost mutation: You sometimes lose your temper in combat.
                  | [potion of mutation]
 51426 | Orc:2    | Gained mutation: You can roll at foes to attack. [potion of
                  | mutation]
 51426 | Orc:2    | Gained mutation: You expend magic power (3 MP) to
                  | strengthen your wands. [potion of mutation]
 52041 | Spider:1 | Reached skill level 16 in Fighting
 53309 | Spider:2 | Received a gift from Okawaru
 57172 | Spider:2 | Received a gift from Okawaru
 57337 | Spider:2 | Reached XP level 17. HP: 62/154 MP: 4/27
 60236 | Spider:3 | Learned a level 3 spell: Vampiric Draining
 60242 | Spider:3 | Learned a level 5 spell: Agony
 60295 | Spider:4 | Entered Level 4 of the Spider Nest
 60740 | Spider:3 | Reached skill level 17 in Fighting
 62098 | Spider:4 | Identified the +3 barding of Weirdness {Str+2} (Okawaru
                  | gifted it to you on level 4 of the Spider Nest)
 62098 | Spider:4 | Received a gift from Okawaru
 64311 | Spider:4 | Got a gossamer rune of Zot
 65098 | Spider:4 | Noticed Arachne
 65404 | Swamp:1  | Entered Level 1 of the Swamp
 65626 | Swamp:1  | Found a frozen archway.
 65771 | IceCv    | Entered an ice cave
 65896 | IceCv    | Reached skill level 18 in Fighting
 66340 | IceCv    | Gained mutation: Your natural rate of healing is unusually
                  | fast. [a neqoxec]
 67114 | IceCv    | Reached skill level 5 in Armour
 67294 | IceCv    | Noticed an Ice Fiend
 67294 | IceCv    | Noticed an Ice Fiend
 67379 | IceCv    | Killed an Ice Fiend
 67647 | IceCv    | Killed an Ice Fiend
 68691 | Swamp:1  | Learned a level 4 spell: Cause Fear
 69113 | Swamp:2  | Received a gift from Okawaru
 69618 | Swamp:2  | Reached XP level 18. HP: 157/167 MP: 20/28
 69691 | Swamp:2  | Noticed Donald
 69692 | Swamp:2  | Noticed Mlioglotl
 69965 | Swamp:2  | Killed Donald
 70495 | Swamp:2  | Killed Mlioglotl
 70744 | Swamp:2  | Reached skill level 10 in Earth Magic
 71383 | Swamp:3  | Identified the +6 tower shield "Barumion" {rN+ Str+4 Dex-3}
                  | (Okawaru gifted it to you on level 3 of the Swamp)
 71383 | Swamp:3  | Received a gift from Okawaru
 72193 | Swamp:4  | Entered Level 4 of the Swamp
 72193 | Swamp:4  | Noticed Mara
 72203 | Swamp:3  | Killed Mara
 74343 | Swamp:3  | Received a gift from Okawaru
 74920 | Swamp:4  | Noticed the 27-headed Lernaean hydra
 74927 | Swamp:4  | Killed the 27-headed Lernaean hydra
 74989 | Swamp:4  | Got a decaying rune of Zot
 76774 | Spider:4 | Killed Arachne
 77136 | Lair:5   | Killed sastreii's ghost
 77730 | D:11     | Killed a lich
 77730 | D:11     | Identified the +2 pair of gloves of Analysis {Dex+8}
                  | (Okawaru gifted it to you on level 11 of the Dungeon)
 77730 | D:11     | Received a gift from Okawaru
 77732 | D:11     | Reached XP level 19. HP: 102/174 MP: 2/31
 78126 | D:11     | Killed Peppero's ghost
 78191 | Elf:1    | Entered Level 1 of the Elven Halls
 78453 | Elf:1    | Found Pocwips's Armour Emporium.
 78453 | Elf:1    | Noticed Azrael
 78731 | Elf:1    | Found Xowonemm's Book Emporium.
 78731 | Elf:1    | Found Liegouc's Antique Armour Shoppe.
 78736 | Elf:1    | Found Faoplyi's Magic Scroll Shoppe.
 78742 | Elf:1    | Bought a scroll of enchant weapon for 127 gold pieces
 78746 | Elf:1    | Bought a transparent ring mail for 261 gold pieces
 78746 | Elf:1    | Identified the +4 ring mail of the King of the Hill {Str+4}
                  | (You bought it in a shop on level 1 of the Elven Halls)
 78794 | Elf:1    | Paralysed by an air elemental for 1 turns
 78891 | Elf:1    | Killed Azrael
 78892 | Elf:1    | Reached skill level 10 in Shields
 79056 | Elf:1    | Found an ancient bone altar of Kikubaaqudgha.
 79410 | Elf:1    | Noticed Frances
 79442 | Elf:1    | Killed Frances
 79644 | Elf:1    | Noticed Aizul
 79652 | Elf:1    | Killed Aizul
 80112 | Elf:1    | Noticed Roxanne
 81746 | Elf:2    | Noticed Zenata
 81758 | Elf:2    | Killed Zenata
 81962 | Elf:2    | Received a gift from Okawaru
 82248 | Elf:2    | Paralysed by an air elemental for 1 turns
 82251 | Elf:2    | Paralysed by an air elemental for 1 turns
 82254 | Elf:2    | Paralysed by an air elemental for 1 turns
 82375 | Elf:2    | Paralysed by an air elemental for 1 turns
 82595 | Elf:2    | Found Egayho's Assorted Antiques.
 82596 | Elf:2    | Paralysed by an air elemental for 1 turns
 82709 | Elf:2    | Found a runed translucent gate.
 82711 | Elf:2    | Found a runed translucent gate.
 82715 | Elf:2    | Found a runed translucent gate.
 83161 | Elf:2    | Noticed Agnes
 83185 | Elf:2    | Killed Agnes
 84175 | Elf:3    | Entered Level 3 of the Elven Halls
 84432 | Elf:3    | Reached skill level 10 in Armour
 84433 | Elf:3    | Received a gift from Okawaru
 84842 | Elf:3    | Paralysed by an air elemental for 1 turns
 84944 | Elf:3    | Reached XP level 20. HP: 133/181 MP: 2/32
 85684 | Elf:3    | Identified the +1 scimitar of the Threshing Eel {venom,
                  | rF+}
 85684 | Elf:3    | Identified the ring "Quluolit" {rPois Str+3 Int-5 Dex+3}
 85883 | Elf:3    | Found a runed translucent door.
 85884 | Elf:3    | Noticed btonasse's ghost (adept SpEn)
 85970 | Elf:3    | Identified the +11 lajatang of Pain and Death {antimagic,
                  | Will+}
 85986 | Elf:3    | Identified the +0 fire dragon scales "Laczeo" {Fly rF++ rC-
                  | Str+3 Dex+2 Stlth-}
 85986 | Elf:3    | Identified the ring "Osuoff" {rN+ Dex+2}
 86007 | Elf:3    | Identified the +3 chain mail "Rydeut" {rN+} (Okawaru gifted
                  | it to you on level 3 of the Elven Halls)
 86007 | Elf:3    | Received a gift from Okawaru
 86513 | Elf:3    | Identified the +5 mace "Popaupn" {vorpal, *Rage rF++ MP+9
                  | Stlth+}
 86627 | Elf:3    | Identified the +3 glaive "Gyedaymp" {flame, Will++ Int+5
                  | Dex+3}
 87040 | Vaults:1 | Entered Level 1 of the Vaults
 87780 | Vaults:1 | Learned a level 3 spell: Confusing Touch
 88217 | Vaults:1 | Identified a scroll of acquirement
 88765 | Vaults:1 | Found Byidit Fuzi's Assorted Antiques.
 89571 | Vaults:2 | Learned a level 2 spell: Blink
 89578 | Vaults:2 | Learned a level 4 spell: Manifold Assault
 90000 | Vaults:2 | Received a gift from Okawaru
 90268 | Vaults:2 | Reached skill level 10 in Spellcasting
 90841 | Vaults:2 | Found a staircase to the Crypt.
 90862 | Vaults:2 | Reached skill level 10 in Translocations
 90996 | Vaults:2 | Learned a level 5 spell: Lee's Rapid Deconstruction
 91051 | Vaults:2 | Reached XP level 21. HP: 188/189 MP: 35/35
 92687 | Crypt:1  | Entered Level 1 of the Crypt
 92687 | Crypt:1  | Noticed Khufu
 92687 | Crypt:1  | Noticed a royal mummy
 92718 | Arena    | Entered the Arena
 92729 | Arena    | Killed Khufu
 92977 | Vaults:2 | Killed a royal mummy
 93672 | Crypt:1  | You fall into a shaft and drop 1 floor!
 94136 | Crypt:1  | Received a gift from Okawaru
 95784 | Crypt:2  | Found a runed translucent door.
 95785 | Crypt:2  | Noticed Nofozin's ghost (veteran FoFi)
 95991 | Crypt:3  | Entered Level 3 of the Crypt
 96002 | Crypt:2  | Received a gift from Okawaru
 96108 | Crypt:2  | Reached skill level 15 in Shields
 96546 | Crypt:3  | Identified the +9 dagger of Rojumoa {vorpal, rPois rN+
                  | Dex-4 Stlth+}
 97022 | Crypt:3  | Found an ancient bone altar of Kikubaaqudgha.
 97301 | Crypt:3  | Found a staircase to the Tomb.
 97343 | Crypt:3  | Received a gift from Okawaru
 97351 | Crypt:3  | Learned a level 6 spell: Dispersal
 97605 | Crypt:3  | Identified the +4 sling "Bamock" {vorpal, rF- rN++ Str+5}
 97611 | Crypt:3  | Reached XP level 22. HP: 194/195 MP: 33/38
 97902 | Crypt:3  | Found a basalt altar of Yredelemnul.
 97938 | Crypt:3  | Noticed a royal mummy
 97948 | Arena    | Entered the Arena
 98248 | Crypt:3  | Killed a royal mummy
 98341 | Crypt:3  | Found an ancient bone altar of Kikubaaqudgha.
 98352 | Crypt:3  | Identified the +6 hand axe of Valour {holy, Dex+7}
 98374 | Crypt:3  | Identified the +0 helmet of Ulerphibe {rPois rF++ Int-2
                  | Dex+4}
 98718 | Vaults:3 | Identified the +1 barding "Dailai" {rElec Will+ Str+3
                  | Int+4} (Okawaru gifted it to you on level 3 of the Vaults)
 98718 | Vaults:3 | Received a gift from Okawaru
 98786 | Vaults:3 | Found a crumbling gateway.
 98801 | Desolati | Entered the Desolation of Salt
 99194 | Desolati | Identified the ring "Exis Yxkeq" {rCorr AC+4}
100705 | Desolati | Identified the +1 leather armour "Gaonurgh" {rElec rC-
                  | rCorr Str+6}
100707 | Desolati | Identified the +6 mace "Tutuboj" {vorpal, Will+ Dex+4}
100773 | Desolati | Got the Monograph on the Blizzard and the Wind
100776 | Desolati | Got Fouqaweg's Grimoire of Sculpting and the Geologist
102310 | Vaults:3 | Identified the +4 kite shield "Qojiej" {rC+ Str+3} (Okawaru
                  | gifted it to you on level 3 of the Vaults)
102310 | Vaults:3 | Received a gift from Okawaru
103026 | Vaults:3 | Identified the +4 bardiche "Farihewu" {vorpal, Int+4}
103455 | Vaults:3 | Noticed an ancient lich
103507 | Vaults:3 | Killed an ancient lich
104099 | Vaults:3 | Reached skill level 19 in Fighting
104106 | Vaults:3 | Reached XP level 23. HP: 188/195 MP: 29/41
106071 | Vaults:4 | Identified the +8 quarterstaff "Voh Xile" {vorpal, rElec
                  | rPois Str+3 Dex+4} (Okawaru gifted it to you on level 4 of
                  | the Vaults)
106071 | Vaults:4 | Received a gift from Okawaru
106472 | Elf:1    | Killed Roxanne
106810 | Slime:1  | Entered Level 1 of the Pits of Slime
107682 | Slime:3  | Gained mutation: You are frail. (-10% HP) [a shining eye]
107965 | Slime:4  | Paralysed by a floating eye for 3 turns
107970 | Slime:3  | Paralysed by a floating eye for 4 turns
108102 | Slime:5  | Entered Level 5 of the Pits of Slime
108169 | Slime:4  | Gained mutation: Your magical capacity is low. (-10% MP) [a
                  | shining eye]
108460 | Slime:5  | Noticed the Royal Jelly
108508 | Slime:5  | Received a gift from Okawaru
109183 | Slime:5  | Found a viscous altar of Jiyva.
109637 | Slime:5  | Reached skill level 15 in Armour
110362 | Slime:5  | Killed the Royal Jelly
110441 | Slime:5  | Identified the +0 ring mail "Roeroum" {Dex+3}
110460 | Slime:5  | Identified the ring "Nigast" {rCorr AC+4}
110472 | Slime:5  | Identified the +4 ring mail of Ruraifol {rElec Will+ Int-2}
110492 | Slime:5  | Got the Compendium of the Nimbus and Outbursts
110494 | Slime:5  | Got a slimy rune of Zot
111187 | Depths:1 | Entered Level 1 of the Depths
111188 | Depths:1 | Found a one-way gateway to a ziggurat.
111204 | Depths:1 | Received a gift from Okawaru
111338 | Depths:1 | You fall into a shaft and drop 1 floor!
111453 | Depths:1 | Noticed Sojobo
111595 | Depths:2 | Reached skill level 20 in Fighting
111595 | Depths:2 | Reached XP level 24. HP: 191/191 MP: 36/36
111816 | Depths:2 | Gained mutation: Your spells are a little easier to cast,
                  | but a little less powerful. [a cacodemon]
111991 | Depths:2 | Found a one-way gate leading to the halls of Pandemonium.
112069 | Depths:1 | Paralysed by an air elemental for 1 turns
112075 | Depths:2 | Paralysed by an air elemental for 1 turns
112079 | Depths:2 | Paralysed by an air elemental for 1 turns
112082 | Depths:2 | Paralysed by an air elemental for 1 turns
112085 | Depths:2 | Paralysed by an air elemental for 1 turns
112094 | Depths:2 | Paralysed by an air elemental for 1 turns
112100 | Depths:2 | Killed Sojobo
112336 | Depths:2 | Reached XP level 25. HP: 203/203 MP: 30/36
112600 | Depths:1 | Noticed Asterion
112683 | Depths:2 | Killed Asterion
113070 | D:13     | Lost mutation: Your natural rate of healing is unusually
                  | fast. [potion of mutation]
113070 | D:13     | Lost mutation: You are frail. (-10% HP) [potion of
                  | mutation]
113070 | D:13     | Gained mutation: You are robust. (+10% HP) [potion of
                  | mutation]
113070 | D:13     | Gained mutation: You have sharp fingernails. [potion of
                  | mutation]
113070 | D:13     | Gained mutation: You have large cloven feet. [potion of
                  | mutation]
113247 | Depths:1 | Found an iron altar of Okawaru.
113376 | Depths:1 | Found a one-way gate to the infinite horrors of the Abyss.
113441 | Depths:1 | Found a bloodstained altar of Trog.
113590 | Depths:1 | Found a gateway to Hell.
114436 | Depths:2 | Received a gift from Okawaru
117117 | Depths:3 | Identified the +4 ring mail "Kuroixax" {SInv}
117132 | Depths:3 | Received a gift from Okawaru
117334 | Depths:3 | Noticed a juggernaut
117356 | Depths:3 | Killed a juggernaut
118755 | Depths:4 | Entered Level 4 of the Depths
118791 | Depths:4 | Noticed the Enchantress
118803 | Depths:3 | Killed the Enchantress
118977 | Depths:3 | Reached skill level 21 in Fighting
119591 | Depths:4 | Identified the ring of Faeshaemn {Wiz +Blink rF+ Str+3}
119608 | Depths:4 | Found a gate to the Realm of Zot.
120218 | Depths:4 | Identified the ring of Lugonu's Anger {Ice Stlth+}
120249 | Depths:4 | Reached skill level 15 in Maces & Flails
120614 | Depths:4 | Identified the ring "Cobrubbo" {Wiz Contam rPois Str+3}
121260 | Depths:4 | Identified the +6 dire flail "Rezxaf" {pain, rElec rPois
                  | rN+}
121271 | Depths:4 | Found an ornate altar of the Wu Jian Council.
121308 | Depths:4 | Received a gift from Okawaru
121388 | Depths:4 | Found a transporter.
121417 | Depths:4 | Found a transporter.
121421 | Depths:4 | Reached XP level 26. HP: 251/259 MP: 30/36
121614 | Depths:4 | Found a shimmering blue altar of Sif Muna.
121701 | Depths:4 | Noticed Saint Roka
121724 | Depths:4 | Killed Saint Roka
122707 | Elf:1    | Bought a book of Touch for 416 gold pieces
122712 | Elf:1    | Learned a level 4 spell: Dispel Undead
123457 | D:12     | Killed Plog's ghost
123482 | D:12     | Identified the +1 buckler of Negligence {Harm rF++ Dex+4}
124162 | Crypt:2  | Killed Nofozin's ghost
124769 | Elf:2    | Bought a wand of roots (5) for 228 gold pieces
124769 | Elf:2    | Bought a potion of haste for 190 gold pieces
124769 | Elf:2    | Bought a wand of roots (4) for 182 gold pieces
124769 | Elf:2    | Bought a potion of curing for 57 gold pieces
124827 | Elf:1    | Bought a scroll of blinking for 127 gold pieces
124896 | Elf:3    | Killed btonasse's ghost
125042 | Orc:1    | Bought a scroll of blinking for 120 gold pieces
125042 | Orc:1    | Bought a potion of heal wounds for 80 gold pieces
125042 | Orc:1    | Bought a potion of mutation for 128 gold pieces
125091 | Orc:2    | Bought a scroll of teleportation for 45 gold pieces
125091 | Orc:2    | Bought a scroll of teleportation for 45 gold pieces
125092 | Orc:2    | Bought a potion of might for 64 gold pieces
125092 | Orc:2    | Bought a potion of curing for 48 gold pieces
125092 | Orc:2    | Bought a potion of might for 64 gold pieces
125092 | Orc:2    | Bought a potion of resistance for 160 gold pieces
125092 | Orc:2    | Bought 2 potions of berserk rage for 160 gold pieces
125261 | Vaults:1 | Bought a potion of haste for 360 gold pieces
125261 | Vaults:1 | Bought a potion of curing for 108 gold pieces
125261 | Vaults:1 | Bought a potion of heal wounds for 180 gold pieces
125261 | Vaults:1 | Bought a potion of flight for 108 gold pieces
125261 | Vaults:1 | Bought a potion of heal wounds for 180 gold pieces
125882 | Zot:1    | Entered Level 1 of the Realm of Zot
127668 | Zot:1    | Received a gift from Okawaru
129208 | Zot:2    | You fall into a shaft and drop 2 floors!
129336 | Zot:2    | Identified the ring "Fiseat" {Wiz rElec Will+}
129614 | Zot:2    | Identified the +0 leather armour of the Peculiar Friars
                  | {Will- Regen+ rCorr}
130706 | Zot:3    | Noticed an orb of fire
130732 | Zot:3    | Killed an orb of fire
132156 | Zot:4    | Reached skill level 15 in Invocations
132168 | Zot:4    | Reached XP level 27. HP: 248/267 MP: 17/36
132292 | Zot:4    | Identified the +1 barding of the Komtur {rC+} (Okawaru
                  | gifted it to you on level 4 of the Realm of Zot)
132292 | Zot:4    | Received a gift from Okawaru
133521 | Zot:4    | Gained mutation: Your magical capacity is very low. (-20%
                  | MP) [mutagenic glow]
133535 | Zot:4    | Gained mutation: Your body sometimes deteriorates upon
                  | taking damage. [mutagenic glow]
134190 | Zot:5    | Entered Level 5 of the Realm of Zot
135096 | Zot:5    | Reached skill level 22 in Fighting
135390 | Zot:5    | Noticed a dread lich
135391 | Zot:5    | Noticed an orb of fire
135412 | Zot:5    | Gained mutation: You are vulnerable to heat. (rF-) [an orb
                  | of fire]
135414 | Zot:5    | Gained mutation: You occasionally lose the ability to drink
                  | potions when taking damage. [an orb of fire]
135420 | Zot:5    | Killed an orb of fire
135426 | Zot:5    | Killed a dread lich
135511 | Zot:5    | Lost mutation: Your magical capacity is very low. (-20% MP)
                  | [potion of mutation]
135511 | Zot:5    | Lost mutation: Your body sometimes deteriorates upon taking
                  | damage. [potion of mutation]
135512 | Zot:5    | Lost mutation: You occasionally lose the ability to drink
                  | potions when taking damage. [potion of mutation]
135512 | Zot:5    | Lost mutation: You can roll at foes to attack. [potion of
                  | mutation]
135512 | Zot:5    | Lost mutation: You have sharp fingernails. [potion of
                  | mutation]
135512 | Zot:5    | Gained mutation: Your magical capacity is very low. (-20%
                  | MP) [potion of mutation]
135512 | Zot:5    | Gained mutation: You are very robust. (+20% HP) [potion of
                  | mutation]
135612 | Zot:5    | Noticed an orb of fire
135612 | Zot:5    | Noticed an ancient lich
135625 | Arena    | Entered the Arena
135635 | Arena    | Killed an orb of fire
135656 | Zot:5    | Killed an ancient lich
135729 | Zot:5    | Noticed an orb of fire
135750 | Zot:5    | Gained mutation: You have hoof-like feet. [an orb of fire]
135753 | Zot:5    | Gained mutation: Your spells are easier to cast, but less
                  | powerful. [an orb of fire]
135758 | Zot:5    | Killed an orb of fire
136290 | Zot:5    | Noticed an orb of fire
136290 | Zot:5    | Lost mutation: You are very robust. (+20% HP) [an orb of
                  | fire]
136297 | Zot:5    | Gained mutation: You occasionally lose the ability to read
                  | scrolls when taking damage. [an orb of fire]
136308 | Zot:5    | Noticed an orb of fire
136308 | Zot:5    | Gained mutation: You sometimes lose the ability to read
                  | scrolls when taking damage. [an orb of fire]
136310 | Zot:5    | Killed an orb of fire
136325 | Zot:5    | Killed an orb of fire
136372 | Zot:5    | Lost mutation: You expend magic power (3 MP) to strengthen
                  | your wands. [potion of mutation]
136372 | Zot:5    | Lost mutation: You are robust. (+10% HP) [potion of
                  | mutation]
136372 | Zot:5    | Lost mutation: You are vulnerable to heat. (rF-) [potion of
                  | mutation]
136372 | Zot:5    | Lost mutation: Your magical capacity is very low. (-20% MP)
                  | [potion of mutation]
136372 | Zot:5    | Gained mutation: You have hidden genetic potential. [potion
                  | of mutation]
136373 | Zot:5    | Lost mutation: You have hidden genetic potential. [potion
                  | of mutation]
136373 | Zot:5    | Lost mutation: You have hoof-like feet. [potion of
                  | mutation]
136373 | Zot:5    | Gained mutation: Your spells are much easier to cast, but
                  | much less powerful. [potion of mutation]
136373 | Zot:5    | Gained mutation: Potions are less effective at restoring
                  | your health. [potion of mutation]
136373 | Zot:5    | Gained mutation: You possess an exceptional clarity of
                  | mind. [potion of mutation]
136373 | Zot:5    | Gained mutation: You have a pair of small antennae on your
                  | head. [potion of mutation]
136374 | Zot:5    | Lost mutation: You possess an exceptional clarity of mind.
                  | [potion of mutation]
136374 | Zot:5    | Lost mutation: Your spells are much easier to cast, but
                  | much less powerful. [potion of mutation]
136374 | Zot:5    | Lost mutation: Your spells are easier to cast, but less
                  | powerful. [potion of mutation]
136374 | Zot:5    | Lost mutation: Potions are less effective at restoring your
                  | health. [potion of mutation]
136375 | Zot:5    | Lost mutation: You sometimes lose the ability to read
                  | scrolls when taking damage. [potion of mutation]
136375 | Zot:5    | Lost mutation: Your spells are a little easier to cast, but
                  | a little less powerful. [potion of mutation]
136375 | Zot:5    | Lost mutation: You occasionally lose the ability to read
                  | scrolls when taking damage. [potion of mutation]
136400 | Zot:5    | Noticed an orb of fire
136429 | Zot:5    | Reached skill level 15 in Spellcasting
136972 | Zot:5    | Noticed an orb of fire
136983 | Zot:5    | Gained mutation: You occasionally lose the ability to drink
                  | potions when taking damage. [an orb of fire]
136985 | Zot:5    | Gained mutation: You are frail. (-10% HP) [an orb of fire]
136986 | Zot:5    | Killed an orb of fire
137089 | Zot:5    | Lost mutation: You occasionally lose the ability to drink
                  | potions when taking damage. [potion of mutation]
137089 | Zot:5    | Lost mutation: You have a pair of small antennae on your
                  | head. [potion of mutation]
137089 | Zot:5    | Lost mutation: Your magical capacity is low. (-10% MP)
                  | [potion of mutation]
137089 | Zot:5    | Gained mutation: You are vulnerable to cold. (rC-) [potion
                  | of mutation]
137089 | Zot:5    | Gained mutation: You are dopey. (Int -2) [potion of
                  | mutation]
137126 | Zot:5    | Noticed an orb of fire
137128 | Zot:5    | Gained mutation: You are very frail. (-20% HP) [an orb of
                  | fire]
137130 | Zot:5    | Gained mutation: Your body sometimes deteriorates upon
                  | taking damage. [an orb of fire]
137136 | Zot:5    | Killed an orb of fire
137155 | Zot:5    | Lost mutation: You are dopey. (Int -2) [potion of mutation]
137155 | Zot:5    | Lost mutation: You are very frail. (-20% HP) [potion of
                  | mutation]
137155 | Zot:5    | Gained mutation: You can roll at foes to attack. [potion of
                  | mutation]
137297 | Zot:5    | Identified the +1 chain mail "Dibasch" {Slay+5} (Okawaru
                  | gifted it to you on level 5 of the Realm of Zot)
137297 | Zot:5    | Received a gift from Okawaru
137321 | Zot:5    | Gained mutation: You are clumsy. (Dex -2) [an orb of fire]
137323 | Zot:5    | Killed an orb of fire
137580 | Zot:5    | Noticed an orb of fire
137610 | Zot:5    | Killed an orb of fire
137923 | Zot:5    | Noticed an orb of fire
137939 | Zot:5    | Gained mutation: You occasionally shout uncontrollably at
                  | your foes. [an orb of fire]
137950 | Zot:5    | Killed an orb of fire
138812 | Zot:5    | Got the Orb of Zot
139288 | D:$      | Escaped with the Orb!

Illustrated notes

Levels and vault maps discovered:
D:1:      nzn_arrival_crosshair, layout_rooms
D:2:      layout_rooms, palyth_stone_intersect, uniq_sigmund, uniq_jessica
D:3:      layout_loops_corners, hellmonk_ecumenical_altar_lost_god,
          gammafunk_ghost_split
D:4:      layout_rooms, mainiacjoe_overflow_paths,
          cheibrodos_sewer_entry_sluice, kennysheep_generic_room_16,
          uniq_eustachio, uniq_natasha
D:5:      layout_loops_corners, mainiacjoe_overflow_small_starburst,
          uniq_duvessa
D:6:      layout_basic, minmay_temple_entry_drinking_statues, uniq_edmund
D:7:      layout_loops_corners, mainiacjoe_overflow_alcove_4,
          gammafunk_ghost_berserking_beasts, uniq_maggie,
          uniq_crazy_yiuf_cottage
D:8:      layout_basic, uniq_amaemon, uniq_maurice
D:9:      layout_roguey, dpeg_lair_monsters, nicolae_kite_square_tiling_tiny
D:10:     layout_stronghold, erik_orc_4, kennysheep_crisscross, st_stairs_13
D:11:     layout_gridville, muffindrake_ghost_dual_entry, eino_house_with_fridge
D:12:     layout_basic, gammafunk_ghost_ooze, uniq_kirke
D:13:     minmay_connected_boxes_in_corner, layout_gridville, erik_vaults_1
D:14:     minmay_the_grid_triangle_9x9_recursive_2
          [minmay_the_grid_triangle_9x9_prize_center,
          minmay_the_grid_triangle_9x9_minimal,
          minmay_the_grid_triangle_9x9_from_above,
          minmay_the_grid_triangle_9x9_odd_lines], layout_layer_cave,
          special_room [special_room_mythical_zoo],
          nicolae_kikubaaqudgha_miasma_corner
D:15:     hangedman_depths_entry_try_elsewhere_first, layout_layer_cave,
          minmay_misc_feat_five, serial_shops, nicolae_shop_overgrown_old_shop
Temple:   nicolae_temple_bog_church
Lair:1:   layout_gridlike, uniq_fannar
Lair:2:   layout_concentric_octagons, swamp_mist_pool, spider_nest_entry_webs
Lair:3:   layout_regular_city, grunt_megastairs_5, infiniplex_staircase_pool_2
Lair:4:   layout_cave_pods, slime_entry_1, nicolae_lair_time_for_slime
Lair:5:   grunt_lair_end_beastmaster, layout_hall_layers,
          gammafunk_ghost_wrathful_warriors, serial_bayou_shore_b,
          lemuel_fruit_fields, lemuel_fruit_tree, grunt_megastairs_1,
          serial_bayou_shore_b
Swamp:1:  layout_basic_swamp, portal_ice_cave_entry_pillars_2,
          hangedman_swamp_ruin_hall
Swamp:2:  layout_falls_marsh, evilmike_swamp_ruin_house_1, uniq_donald,
          uniq_mlioglotl
Swamp:3:  layout_basic_swamp, nicolae_swamp_triple_paths,
          infiniplex_staircase_pool
Swamp:4:  grunt_swamp_rune_castle, layout_basic_swamp, uniq_mara
Spider:1: layout_chambers, hangedman_spider_tarantella_strand, uniq_louise
Spider:2: nicolae_spider_mines_1
Spider:3: cheibrodos_forgotten_conduit
Spider:4: johnstein_spider_rune_arachne_lair
Slime:1:  layout_caves, cheibrodos_slime_lost_civilization_7
Slime:2:  layout_caves
Slime:3:  layout_caves, uniq_dissolution
Slime:4:  layout_caves
Slime:5
Orc:1:    layout_diamond_mine, basic_altar, nicolae_specific_store
Orc:2:    st_orc_ogre_mass, layout_caves, gauntlet_entry_generic, uniq_jorgrun
Elf:1:    nicolae_elf_arrival_no_cutting_in_line, layout_loops_corners,
          basic_altar, minivault_28, minmay_shoptagon, uniq_aizul, uniq_frances,
          uniq_roxanne, uniq_azrael
Elf:2:    elven_hall_of_blades_hangedman_original
          [nicolae_vaults_blade_armed_guards], layout_geoelf_diagonals,
          serial_shops, nicolae_lakefront_shop, uniq_zenata, uniq_agnes
Elf:3:    minmay_elf_hall_not_hex, layout_loops_corners,
          ebering_ghost_inner_flame
Vaults:1: nicolae_vaults_network_barrier, nicolae_vaults_minivaults,
          vaults_room_fours, vaults_mumra_minichess, ontoclasm_vaults_tryst,
          v_misc_25, nicolae_vaults_mini_display_case,
          grunt_vaults_hallway_short, nicolae_vaults_specimen_jars,
          layout_vaults_chaotic_city, serial_shops, nicolae_square_shop
Vaults:2: minmay_crypt_entry_simple_round, hangedman_vaults_river_flow,
          nicolae_vaults_triangles, v_pattern_2, hangedman_vaults_corner_blocks,
          ontoclasm_vaults_idyll, vaults_room_ringed_pool,
          nicolae_vaults_meeting, v_rooms_1, vaults_dpeg_hooks,
          vaults_dpeg_ring, layout_vaults_big_cross
Vaults:3: portal_desolation_entry_nicolae_slug, hangedman_vaults_impose,
          vaults_dpeg_encased_lava, v_pattern_3, ontoclasm_vaults_ring_square,
          vaults_room_door_ring, dpeg_vaults_monster_row, vaults_room_octagon,
          ontoclasm_vaults_twist, nicolae_vaults_arrows,
          dpeg_vaults_monster_box, ontoclasm_vaults_eye,
          nicolae_vaults_stairing_the_circle, v_misc_8, dpeg_vaults_waves,
          layout_vaults_omnibox
Vaults:4: vaults_dpeg_doors, vaults_mumra_lcd, vaults_mumra_hex,
          nicolae_vaults_rhombus_5, vaults_room_stairs_pillars,
          layout_vaults_omnigrid
Crypt:1:  layout_gridlike, st_vampire_maze, uniq_khufu
Crypt:2:  layout_gridlike, gammafunk_ghost_grave
Crypt:3:  lightli_unholy_cathedral, layout_chaotic_city,
          nicolae_tomb_entry_unfolded_pyramid_orthogonal, basic_altar
Depths:1: layout_cave_pools, enter_ziggurat_f, minmay_room_of_horrors,
          hell_entry, okawaru_trees_1, trog_three_pillars_becter, uniq_sojobo,
          uniq_asterion
Depths:2: hellmonk_crumbling_castle, layout_gridlike, rand_demon_pan_entry_8,
          marbit_kobold_abyss_entry, hell_entry, serial_bayou_shore_b
Depths:3: cell_vault, layout_long_grid, hell_entry, abyss_entry,
          infiniplex_staircase_diamond
Depths:4: hangedman_spin_cycle, serial_shops, hell_entry, uniq_enchantress
Zot:1:    kennysheep_room_grid, layout_basic
Zot:2:    layout_concentric_octagons
Zot:3:    layout_cathedral_of_symmetry
Zot:4:    layout_cellular_growth
Zot:5:    layout_basic

Skill      XL: |  1  2  3  4  5  6  7  8  9 10 11 12 13 14 15 16 17 18 19 20 21 22 23 24 25 26 27 |
---------------+----------------------------------------------------------------------------------+-----
Maces & Flails | 4 6 7 8 11 12 16 | 16.0
Armour         | 2 5 8 10 12 13 14 15 16 17 18 | 18.8
Transmutations | 2 |  2.0
Earth Magic    | 2 3 6 8 9 10 11 | 11.0
Fighting       | 4 8 10 12 14 16 18 19 20 21 22 | 22.8
Hexes          | 5 8 |  8.0
Spellcasting   | 3 4 6 7 8 10 12 14 15 | 15.0
Necromancy     | 2 6 9 10 11 | 11.0
Evocations     | 4 5 8 |  8.0
Translocations | 5 6 8 10 13 14 | 14.0
Shields        | 4 6 9 12 14 16 17 18 19 20 | 20.8
Invocations    | 8 10 12 14 15 16 | 16.0
Dodging        | 6 7 |  7.0
Fire Magic     | |  2.4

Action                   |  1- 3 |  4- 6 |  7- 9 | 10-12 | 13-15 | 16-18 | 19-21 | 22-24 | 25-27 || total
-------------------------+-------+-------+-------+-------+-------+-------+-------+-------+-------++-------
Melee: Mace              |    79 |   118 |   108 |       |       |       |       |       |       ||   305
       Tailslap          |     8 |     7 |    44 |   106 |   271 |   350 |   337 |   367 |   476 ||  1966
       Morningstar       |       |       |    48 |       |       |       |       |       |       ||    48
       Punch             |       |       |     6 |     6 |     3 |       |       |       |       ||    15
       Whip              |       |       |   332 |    37 |     8 |    15 |       |       |       ||   392
       Demon whip        |       |       |       |   624 |  1190 |   955 |       |       |       ||  2769
       Unarmed           |       |       |       |    21 |       |       |       |       |       ||    21
       Flail             |       |       |       |       |       |   117 |       |       |       ||   117
       Eveningstar       |       |       |       |       |       |   269 |  1319 |  1239 |  1602 ||  4429
       Kick              |       |       |       |       |       |       |       |       |   925 ||   925
       Staff             |       |       |       |       |       |       |       |       |     1 ||     1
 Fire: Sling             |       |       |       |     2 |     3 |       |       |       |       ||     5
Throw: Dart              |       |       |    46 |    17 |    21 |     1 |     1 |     1 |     1 ||    88
 Cast: Tukima's Dance    |       |       |     8 |    13 |       |       |       |       |       ||    21
       Borgnjor's Vile C |       |       |       |    56 |   212 |   394 |   325 |   139 |   405 ||  1531
       Agony             |       |       |       |       |       |    25 |       |       |     2 ||    27
       Passage of Golubr |       |       |       |       |       |    20 |     4 |    15 |     5 ||    44
       Passwall          |       |       |       |       |       |     1 |       |       |     1 ||     2
       Manifold Assault  |       |       |       |       |       |       |    13 |     9 |       ||    22
       Lee's Rapid Decon |       |       |       |       |       |       |    33 |    95 |     4 ||   132
       Blink             |       |       |       |       |       |       |     2 |     5 |     4 ||    11
       Dispel Undead     |       |       |       |       |       |       |       |       |    14 ||    14
Invok: Foxfire Swarm     |       |     1 |       |     1 |       |       |       |       |       ||     2
       Fiery Armour      |       |     2 |       |     1 |     1 |       |       |       |       ||     4
       Rising Flame      |       |       |       |     1 |       |       |       |       |       ||     1
       Heroism           |       |       |       |       |     1 |     5 |     5 |     4 |    12 ||    27
       Finesse           |       |       |       |       |       |     2 |       |     1 |     8 ||    11
       Duel              |       |       |       |       |       |       |     1 |     1 |     1 ||     3
 Abil: Rolling Charge    |    29 |    23 |    75 |   116 |   170 |   180 |   283 |   118 |   292 ||  1286
Evoke: Wand              |       |       |       |       |       |     5 |       |     1 |     3 ||     9
       Condenser vane    |       |       |       |       |       |     1 |       |       |     1 ||     2
  Use: Scroll            |     2 |       |    11 |     7 |    12 |    16 |     3 |     6 |    14 ||    71
       Potion            |       |       |     1 |       |     3 |    10 |       |     4 |    14 ||    32
 Stab: Sleeping          |       |       |       |       |       |     1 |       |       |       ||     1
       Distracted        |       |       |       |       |       |       |       |     1 |       ||     1
       Paralysed         |       |       |       |       |       |       |       |       |     1 ||     1
Armor: Scale mail        |    30 |    55 |       |       |       |       |       |       |       ||    85
       Robe              |     1 |     1 |   138 |   104 |   372 |  1110 |   492 |   373 |       ||  2591
       Skin              |       |       |    20 |     3 |       |     3 |       |       |       ||    26
       Troll leather arm |       |       |       |    72 |       |       |       |       |       ||    72
       Swamp dragon scal |       |       |       |       |       |    83 |       |       |       ||    83
       Ring mail         |       |       |       |       |       |       |       |    86 |   465 ||   551
       Quicksilver drago |       |       |       |       |       |       |       |       |    97 ||    97
Dodge: Dodged            |    25 |    47 |   126 |   220 |   346 |   990 |   646 |   503 |   557 ||  3460
Block: Buckler           |       |       |       |       |   110 |   351 |    29 |       |       ||   490
       Kite shield       |       |       |       |       |       |       |   800 |   905 |   561 ||  2266
       Reflection        |       |       |       |       |       |       |    27 |    24 |    16 ||    67
       Tower shield      |       |       |       |       |       |       |       |       |   689 ||   689

Table legend: (Time is in decaauts)
 A = Elapsed time spent in this place.
 B = Non-inter-level travel time spent in this place.
 C = Inter-level travel time spent in this place.
 D = Time resting spent in this place.
 E = Time spent auto-exploring this place.
 F = Levels seen in this place.
 G = Mean time per level.
                   A        B        C        D        E       F      G
               +--------+--------+--------+--------+--------+-----+--------+
         Total | 138456 | 123365 |  15091 |  61850 |  29274 |  62 | 2233.2 |
       Dungeon |  31878 |  26351 |   5527 |   9725 |   8775 |  15 | 2125.2 |
        Temple |    197 |    177 |     20 |      0 |    156 |   1 |  197.0 |
          Lair |  15568 |  13568 |   2000 |   7124 |   3418 |   5 | 3113.6 |
         Swamp |   7628 |   7125 |    503 |   4151 |   1272 |   4 | 1907.0 |
   Spider Nest |  17639 |  16302 |   1337 |  11413 |   1798 |   4 | 4409.8 |
    Slime Pits |   3736 |   3497 |    239 |   1153 |    668 |   5 |  747.2 |
  Orcish Mines |   4812 |   4142 |    670 |   2591 |    581 |   2 | 2406.0 |
   Elven Halls |   9584 |   8083 |   1501 |   4186 |   1910 |   3 | 3194.7 |
        Vaults |  11289 |   9726 |   1563 |   4259 |   3357 |   4 | 2822.2 |
         Crypt |   5268 |   4854 |    414 |   2053 |   1340 |   3 | 1756.0 |
        Depths |  11290 |  10533 |    757 |   6193 |   1298 |   4 | 2822.5 |
           Zot |  12819 |  12264 |    555 |   6122 |   3561 |   5 | 2563.8 |
         Sewer |   1031 |   1031 |      0 |    375 |    107 |   1 | 1031.0 |
      Ice Cave |   2116 |   2116 |      0 |   1098 |      0 |   1 | 2116.0 |
    Desolation |   2914 |   2914 |      0 |   1120 |   1030 |   1 | 2914.0 |
      Gauntlet |    611 |    611 |      0 |    253 |      0 |   1 |  611.0 |
         Arena |     71 |     71 |      0 |     29 |      0 |   3 |   23.7 |
               +--------+--------+--------+--------+--------+-----+--------+

Top non-repeatable levels by time:
Spider:2: 6344 daAuts
Spider:4: 4480 daAuts
   Zot:5: 4463 daAuts
Vaults:2: 4262 daAuts
Depths:3: 4117 daAuts
Spider:1: 3961 daAuts
   Elf:1: 3851 daAuts
   Orc:2: 3793 daAuts
  Lair:4: 3641 daAuts
     D:9: 3630 daAuts
  Lair:3: 3499 daAuts
 Swamp:3: 3302 daAuts
  Lair:2: 3266 daAuts
    D:13: 3245 daAuts
    D:11: 3154 daAuts
